 Dungeon Crawl Stone Soup version 0.26-a0-651-gb41185065b (webtiles) character file.

Game seed: 17023778843976347293

135 HoaS the Chopper (level 4, 0/39 HPs)
             Began as a Minotaur Berserker on Oct 3, 2020.
             Was a Believer of Trog.
             Slain by Terence
             ... wielding a +3 antimagic trident
              (8 damage)
             ... on level 2 of the Dungeon.
             The game lasted 00:04:09 (1391 turns).

HoaS the Chopper (Minotaur Berserker)               Turns: 1391, Time: 00:04:09

Health: 0/39       AC:  5    Str: 22    XL:     4   Next: 97%
Magic:  1/3        EV: 11    Int:  4    God:    Trog [**....]
Gold:   80         SH:  0    Dex: 10    Spells: 3/3 levels left

rFire    . . .     SeeInvis +   i - +1 hand axe (freeze)
rCold    . . .     Faith    .   (no shield)
rNeg     . . .     Spirit   .   f - +0 ring mail
rPois    .         Reflect  .   (helmet restricted)
rElec    .         Harm     .   (no cloak)
rCorr    .         Rampage  .   (no gloves)
MR       .....                  (no boots)
Stlth    ..........             (no amulet)
HPRegen  0.13/turn              c - ring of see invisible
MPRegen  0.08/turn              (no ring)

@: no status effects
A: retaliatory headbutt, horns 2
a: Berserk, Trog's Hand, Renounce Religion


You were on level 2 of the Dungeon.
You worshipped Trog.
Trog was pleased with you.
You visited 1 branch of the dungeon, and saw 2 of its levels.

You collected 80 gold pieces.

Inventory:

Hand Weapons
 i - a +1 hand axe of freezing (weapon)
Missiles
 a - 37 bolts
Armour
 f - a +0 ring mail (worn)
Jewellery
 c - a ring of see invisible (left hand)
 n - a cursed ring of teleportation {unknown}
Scrolls
 h - 2 scrolls of blinking
Potions
 b - 2 potions of ambrosia {unknown}
 d - a potion of curing {unknown}
 e - 2 potions of lignification {unknown}
 g - 2 potions of mutation {unknown}
 j - a potion of degeneration {unknown}
 k - 2 potions of stabbing {unknown}
 l - 2 potions of heal wounds {unknown}


   Skills:
 - Level 3.6 Fighting
 + Level 6.9 Axes
 - Level 2.4 Armour
 - Level 2.1 Dodging


You had 3 spell levels left.
You didn't know any spells.
Your spell library was empty.

Dungeon Overview and Level Annotations

Branches:
Dungeon (2/15)

Altars:

Annotations:
D:2 Terence


Innate Abilities, Weirdness & Mutations

You reflexively headbutt those who attack you in melee.
You have a pair of horns on your head.


Message History

Terence barely misses you.
You barely miss the orc priest.
You headbutt the orc priest, but do no damage.
The orc priest is heavily wounded.
The orc priest hits you with a +0 hand axe!
Terence barely misses you.
You hit the orc priest. You freeze the orc priest.
The orc priest is almost dead.
The orc priest hits you with a +0 hand axe.
* * * LOW HITPOINT WARNING * * *
Terence misses you.
You hit the orc priest but do no damage.
Your headbutt misses the orc priest.
The orc priest is almost dead.
The orc priest closely misses you. You furiously retaliate!
You headbutt the orc priest.
You kill the orc priest!
Trog accepts your kill.
Terence hits you from afar with a +3 antimagic trident!
You die...

.....#.......#.#.#.####.###.#####
.................................
...............#.#.......##.#####
.###.#.......###.######..##.## .
........(.. #.# #..##..# ###
#..###.# ....# #..###.####
#...@#+######..........
#..@.........###.###
#.).....##.#.# #.# #..(....##.#.#
#.## #.......##.#.###..#
############.#......#
#.(........#.#......#
#(########'#.#......## #.#..
#.............# #†#.#
#.....##....#.#


You could see Terence.

Vanquished Creatures
  An orc priest (D:2)
  An orc wizard (D:2)
  Robin (D:1)
  An adder (D:2)
  A worm (D:2)
  5 leopard geckos
  An orc (D:2)
  2 ball pythons
  3 giant cockroaches
  12 goblins
  9 hobgoblins
  3 kobolds
  2 bats
  4 frilled lizards
  4 rats
50 creatures vanquished.

Notes
Turn   | Place    | Note
-------+----------+-------------------------------------------
     0 | D:1      | HoaS the Minotaur Berserker began the quest for the Orb.
     0 | D:1      | Reached XP level 1. HP: 19/19 MP: 0/0
   212 | D:1      | Reached skill level 4 in Axes
   291 | D:1      | Reached XP level 2. HP: 22/26 MP: 1/1
   777 | D:1      | Reached skill level 5 in Axes
   882 | D:2      | Reached XP level 3. HP: 31/31 MP: 2/2
   942 | D:2      | Noticed Robin
   943 | D:2      | Reached ** piety under Trog
  1059 | D:1      | Killed Robin
  1201 | D:2      | Reached XP level 4. HP: 38/39 MP: 3/3
  1202 | D:2      | Reached skill level 6 in Axes
  1379 | D:2      | Noticed Terence
  1391 | D:2      | Slain by Terence

Illustrated notes

Levels and vault maps discovered:
D:1:      tarquinn_simple_flora_water_e, layout_basic, chequers_garden
D:2:      layout_basic, uniq_jessica, uniq_terence, uniq_robin,
          uniq_crazy_yiuf_cottage

Skill      XL: |  1  2  3  4 |
---------------+-------------+-----
Axes           | 4 5 6 |  6.9
Fighting       | |  3.6
Armour         | |  2.4
Dodging        | |  2.1

Action                   |  1- 3 |  4- 6 || total
-------------------------+-------+-------++-------
Melee: Hand axe          |    70 |    18 ||    88
       Headbutt          |    13 |     3 ||    16
  Use: Scroll            |     5 |     1 ||     6
Armor: Ring mail         |    19 |     5 ||    24
       Animal skin       |     2 |       ||     2
Dodge: Dodged            |    36 |     8 ||    44

Table legend: (Time is in decaauts)
 A = Elapsed time spent in this place.
 B = Non-inter-level travel time spent in this place.
 C = Inter-level travel time spent in this place.
 D = Time resting spent in this place.
 E = Time spent auto-exploring this place.
 F = Levels seen in this place.
 G = Mean time per level.
                   A        B        C        D        E       F      G
               +--------+--------+--------+--------+--------+-----+--------+
         Total |   1397 |   1383 |     14 |    377 |    727 |   2 |  698.5 |
       Dungeon |   1397 |   1383 |     14 |    377 |    727 |   2 |  698.5 |
               +--------+--------+--------+--------+--------+-----+--------+

Top non-repeatable levels by time:
     D:1: 1092 daAuts
     D:2: 304 daAuts
